 Dungeon Crawl Stone Soup version 0.30.0-29-ga12c61a403 (webtiles) character file.

Game seed: 18282417273717728188

82 Bamboolord the Slasher (level 4, -1/35 HPs)
             Began as a Demonspawn Chaos Knight on June 5, 2023.
             Was a Plaything of Xom.
             Slain by an orc priest
             ... wielding a +0 war axe
              (7 damage)
             ... on level 2 of the Dungeon.
             The game lasted 00:04:27 (1486 turns).

Bamboolord the Slasher (Demonspawn Chaos Knight)    Turns: 1486, Time: 00:04:27

Health: -1/35      AC:  7    Str: 12    XL:     4   Next: 21%
Magic:  4/4        EV: 15    Int: 13    God:    Xom [...*..]
Gold:   77         SH:  0    Dex: 15    Spells: 3/3 levels left

rFire   + + .        a - +0 falchion (chaos)
rCold   . . .        (no shield)
rNeg    . . .        r - +2 ring mail {rF+}
rPois   .            (no helmet)
rElec   .            (no cloak)
rCorr   .            (no gloves)
SInv    .            (no boots)
Will    +....        (no amulet) Stlth
                     n - ring of willpower
HPRegen 0.25/turn    o - ring of protection from fire
MPRegen 0.09/turn

%: no passive effects
@: confused, agile, attractive
A: foul stench 1, powered by pain 1
a: Renounce Religion


You were on level 2 of the Dungeon.
You worshipped Xom.
You were a favourite toy of Xom.
You visited 1 branch of the dungeon, and saw 3 of its levels.

You collected 77 gold pieces.

Inventory:

Hand Weapons
 a - a +0 falchion of chaos (weapon)
Missiles
 j - 2 throwing nets
Armour
 r - a +2 ring mail of fire resistance (worn)
Jewellery
 n - a ring of willpower (left hand)
 o - a ring of protection from fire (right hand)
Scrolls
 e - a scroll of blinking {unknown}
 f - a scroll of fog {unknown}
 g - a scroll of brand weapon {unknown}
 h - 2 scrolls of fear {unknown}
 i - a scroll of amnesia {unknown}
 k - a scroll of teleportation {unknown}
 l - a scroll of identify {unknown}
 m - a scroll of noise
Potions
 q - a potion of magic {unknown}
Miscellaneous
 c - a piece from Xom's chessboard (8/15) (quivered)


   Skills:
 * Level 3.5 Fighting
 * Level 3.6 Long Blades
 * Level 2.1 Armour
 * Level 1.5 Dodging
 * Level 1.0 Evocations


You had 3 spell levels left.
You didn't know any spells.
Your spell library contained the following spells:

 Spells                   Type           Power      Damage    Failure   Level
 Freeze                   Ice            0%         1d3       56%         1
 Frozen Ramparts          Ice            0%         1d1       90%         3
 Hailstorm                Conj/Ice       0%         3d3       90%         3


Dungeon Overview and Level Annotations

Branches:
Dungeon (3/15)

Altars:
Xom


Innate Abilities, Weirdness & Mutations

You may rarely emit foul miasma when damaged in melee.
You sometimes gain a little power by taking damage.


Message History

Hit: a) +0 falchion (chaos)
Press: ? - help, Dir - move target, f - orc priest
Aim: an orc priest, wielding a +0 war axe and wearing a +0 leather armour (heavily wounded, about 40% to evade your +0 falchion of chaos)
Okay, then.
Unknown command.
It was a potion of curing.
You feel better.
Xom roars with laughter!
The orc wizard hits you with a +0 dagger.
* * * LOW HITPOINT WARNING * * *
The orc completely misses you. The orc priest closely misses you.
Unknown command.
It was a potion of attraction.
You feel attractive to monsters.
Xom roars with laughter!
The orc wizard gestures at you while chanting.
You are confused.
The orc hits you but does no damage. The orc priest misses you.
Unknown command.
You're too confused to move!
The orc wizard barely misses you. The orc barely misses you.
The orc priest hits you with a +0 war axe.
* * * LOW HITPOINT WARNING * * *
You hit the orc priest.
The orc priest appears confused.
The orc priest is heavily wounded.
The orc wizard gestures wildly while chanting.
The orc wizard flickers and vanishes!
Deactivating autopickup; reactivate with Ctrl-A.
The orc barely misses you.
The orc priest closely misses the orc.
The orc priest misses you.
You hit the orc priest.
You feel better.
The orc priest is almost dead.
Something hits you.
* * * LOW HITPOINT WARNING * * *
The orc completely misses you.
The orc priest closely misses the orc.
The orc priest closely misses you. Something barely misses you.
The orc hits you but does no damage. The orc priest closely misses you.
You bump into the rock wall.
Something hits you but does no damage. The orc hits you but does no damage.
The orc priest hits you with a +0 war axe!
You die...

.###.#.## #.# #..).#.#.......
.....#..# #.#######.(.†##[##..#..
.######.# #.............÷#.#.....
.# #.# #.#######.###..##.##... .#
#.# #.# #.# ##...#.#... .#
##.###.# #.####...##.###
.#####...##.# #.##.......#...
......[.....#######.##.####..#...
######...#...##.@{...........#...
####.......#....oo....[#####.####
.....#...#...##.###......# #.....
#######.#######.###..###.#####...
#..............##...#....#.
###.#########.....#...##...
#########.# ##.##...#####.#
..........# #.###.## #.#
########### #.# #.# #..


You could see an orc priest (confused) and an orc.

Vanquished Creatures
  3 adders (D:2)
  A dart slug (D:1)
  2 orcs
  5 ball pythons
  7 endoplasms
  A giant cockroach (D:1)
  7 goblins
  6 hobgoblins
  5 kobolds
  A quokka (D:2)
  3 bats (D:2)
  2 frilled lizards
  4 rats
47 creatures vanquished.

Notes
Turn   | Place    | Note
-------+----------+-------------------------------------------
     0 | D:1      | Bamboolord the Demonspawn Chaos Knight began the quest for
                  | the Orb.
     0 | D:1      | Reached XP level 1. HP: 18/18 MP: 1/1
   114 | D:1      | Reached skill level 1 in Dodging
   165 | D:1      | Gained mutation: You may rarely emit foul miasma when
                  | damaged in melee. [demonic ancestry]
   165 | D:1      | Reached XP level 2. HP: 23/24 MP: 2/2
   190 | D:1      | XOM: 10-stop teleportation journey
   371 | D:1      | Found a faded altar of an unknown god.
   524 | D:1      | XOM: god gift: scroll labelled ELIONU LEDET {god gift}
   625 | D:2      | Found a shimmering altar of Xom.
   630 | D:2      | XOM: divination: detect items
   664 | D:2      | Reached XP level 3. HP: 29/29 MP: 3/3
  1179 | D:1      | XOM: divination: detect items
  1253 | D:2      | Gained mutation: You sometimes gain a little power by
                  | taking damage. [demonic ancestry]
  1253 | D:2      | Reached XP level 4. HP: 31/35 MP: 4/4
  1473 | D:3      | Reached skill level 1 in Evocations
  1486 | D:2      | Slain by an orc priest

Illustrated notes

Levels and vault maps discovered:
D:1:      dpeg_arrival_erosion, layout_basic,
          hellmonk_ecumenical_altar_crossroads, kennysheep_pointless_box,
          minmay_misc_feat_diagonals
D:2:      layout_loops_ring, basic_altar, minmay_vboxes
D:3:      layout_rooms, gammafunk_ghost_abyssal_escape, minmay_misc_feat_rugged,
          grunt_decor_one_mirror, uniq_sigmund

Skill      XL: |  1  2  3  4 |
---------------+-------------+-----
Dodging        | 1 |  1.5
Long Blades    | 3 |  3.6
Armour         | 2 |  2.1
Evocations     | 1 |  1.0
Fighting       | |  3.5

Action                     |  1- 3 |  4- 6 || total
---------------------------+-------+-------++-------
  Melee: Falchion          |   101 |    12 ||   113
  Evoke: Piece from Xom's  |     7 |       ||     7
    Use: Scroll            |     1 |       ||     1
         Potion            |       |     2 ||     2
   Stab: Sleeping          |     3 |       ||     3
 Armour: Leather armour    |    35 |       ||    35
         Ring mail         |     5 |    10 ||    15
  Dodge: Dodged            |    54 |    19 ||    73
